 Dungeon Crawl Stone Soup version 0.27-a0-96-gb51a1d6fd6 (webtiles) character file.

Game seed: 18252264263732692506

8 knot the Chopper (level 2, 21/21 (24) HPs)
             Began as a Demonspawn Berserker on Jan 19, 2021.
             Was a Follower of Trog.
             Quit the game on level 1 of the Dungeon.
             The game lasted 00:00:16 (432 turns).

knot the Chopper (Demonspawn Berserker)              Turns: 432, Time: 00:00:17

HP:   21/21 (24)    AC:  2    Str: 17    XL:     2   Next: 0%
MP:   2/2           EV: 12    Int:  8    God:    Trog [*.....]
Gold: 10            SH:  0    Dex: 12    Spells: 1/1 levels left

rFire    . . .     SeeInvis .   a - +0 hand axe
rCold    + . .     Faith    .   (no shield)
rNeg     . . .     Spirit   .   b - +0 animal skin
rPois    .         Reflect  .   (no helmet)
rElec    .         Harm     .   (no cloak)
rCorr    .         Rampage  .   (no gloves)
Will     .....                  (no boots)
Stlth    +.........             (no amulet)
HPRegen  0.07/turn              (no ring)
MPRegen  0.08/turn              (no ring)

@: heavily drained
A: cold resistance 1
a: Renounce Religion, Berserk


You were on level 1 of the Dungeon.
You worshipped Trog.
Trog was aware of your devotion.
You visited 1 branch of the dungeon, and saw 1 of its levels.

You collected 10 gold pieces.

Inventory:

Hand Weapons
 a - a +0 hand axe (weapon)
Missiles
 e - 23 sling bullets
Armour
 b - a +0 animal skin (worn)
Jewellery
 d - an uncursed ring of protection from cold {unknown}
Scrolls
 c - a scroll of teleportation {unknown}
 f - a scroll of identify {unknown}
 g - a scroll of blinking {unknown}


   Skills:
 - Level 3.0 Fighting
 + Level 3.2 Axes
 - Level 1.7 Armour
 - Level 1.7 Dodging


You had one spell level left.
You didn't know any spells.
Your spell library was empty.

Dungeon Overview and Level Annotations

Branches:
Dungeon (1/15)

Altars:


Innate Abilities, Weirdness & Mutations

Your flesh is cold resistant. (rC+)


Message History

You kill the hobgoblin!
Trog accepts your kill.
A goblin is nearby!
You barely miss the goblin. The goblin misses you.
You hit the goblin but do no damage.
The goblin hits you with a +2 dagger of draining.
You feel drained.
You barely miss the goblin. The goblin hits you but does no damage.
You feel drained.
You hit the goblin.
The goblin is almost dead.
The goblin hits you with a +2 dagger of draining.
You feel drained.
You hit the goblin.
You kill the goblin!
Trog accepts your kill.
You have reached level 2!
Your demonic ancestry asserts itself...
You feel resistant to cold.
Are you sure you want to abandon this character and quit the game? (Confirm with "yes".)

#..... ... #.....
...######## ##'###
..........##########.# #
............≈........# #
............≈≈.......# #
...........≈≈.......## #
........†..≈≈≈≈≈≈≈..####
#....)@..≈≈≈≈≈≈≈≈≈≈....
#....≈≈≈≈≈≈§≈≈≈≈≈≈≈####
#..!≈≈≈≈≈≈§≈≈≈≈≈≈≈...
.....≈≈≈≈≈≈≈≈≈≈≈≈≈..###
.####.≈≈≈≈≈≈≈≈≈≈≈...#
.....≈≈≈≈≈≈≈≈....#
##......≈≈≈≈≈....#
........≈≈≈.....


There were no monsters in sight!

Vanquished Creatures
  A bat (D:1)
  A giant cockroach (D:1)
  A hobgoblin (D:1)
  A frilled lizard (D:1)
  3 goblins (D:1)
  A rat (D:1)
8 creatures vanquished.

Notes
Turn   | Place    | Note
-------+----------+-------------------------------------------
     0 | D:1      | knot the Demonspawn Berserker began the quest for the Orb.
     0 | D:1      | Reached XP level 1. HP: 18/18 MP: 1/1
   432 | D:1      | Gained mutation: Your flesh is cold resistant. (rC+)
                  | [demonic ancestry]
   432 | D:1      | Reached XP level 2. HP: 21/21 MP: 2/2
   432 | D:1      | Quit the game

Illustrated notes

Levels and vault maps discovered:
D:1:      lightli_arrival_windingriver, layout_basic, lemuel_old_faithful

Skill      XL: |  1 |
---------------+----+-----
Axes           | 3 |  3.2
Fighting       | |  3.0
Armour         | |  1.7
Dodging        | |  1.7

Action                   || total
-------------------------++-------
Melee: Hand axe          ||    23
Invok: Berserk           ||     1
Armor: Animal skin       ||     4
Dodge: Dodged            ||    12

Table legend: (Time is in decaauts)
 A = Elapsed time spent in this place.
 B = Non-inter-level travel time spent in this place.
 C = Inter-level travel time spent in this place.
 D = Time resting spent in this place.
 E = Time spent auto-exploring this place.
 F = Levels seen in this place.
 G = Mean time per level.
                   A        B        C        D        E       F      G
               +--------+--------+--------+--------+--------+-----+--------+
         Total |    447 |    447 |      0 |    265 |    124 |   1 |  447.0 |
       Dungeon |    447 |    447 |      0 |    265 |    124 |   1 |  447.0 |
               +--------+--------+--------+--------+--------+-----+--------+

Top non-repeatable levels by time:
     D:1: 447 daAuts
